 Dungeon Crawl Stone Soup version 0.25-a0-1130-g3926558f3a (webtiles) character file.

Game seed: 8329975464166805796, levelgen mode: deterministic

1996 Lanoc the Archer (level 9, -2/93 HPs)
             Began as an Octopode Hunter on May 20, 2020.
             Was a Follower of Okawaru.
             Slain by a gnoll
             ... wielding a +0 club
              (4 damage)
             ... on level 7 of the Dungeon.
             The game lasted 00:15:24 (9219 turns).

Lanoc the Archer (Octopode Hunter)                  Turns: 9219, Time: 00:15:25

Health: -2/93      AC: 24    Str: 12    XL:     9   Next: 21%
Magic:  11/11      EV:  2    Int: 13    God:    Okawaru [*.....]
Gold:   329        SH:  0    Dex: 15    Spells: 5/8 levels left

rFire    . . .     SeeInvis .   b - +2 spear (vorpal)
rCold    . . .     Gourm    .   (no shield)
rNeg     + + +     Faith    .   (helmet currently unavailable)
rPois    +         Spirit   .   (no amulet)
rElec    .         Reflect  .   (no ring)
rCorr    .         Harm     .   (no ring)
MR       .....     NoTele   +   (no ring)
Stlth    ++........             (no ring)
HPRegen  0.25/turn              (no ring)
MPRegen  0.12/turn              (no ring)
                                (no ring)
                                (no ring)

@: tree-form, very slightly contaminated, invisible
A: almost no armour, stealthy swim, (amphibious), 8 rings, (constrict 8)
a: Heroism, Renounce Religion


You were on level 7 of the Dungeon.
You worshipped Okawaru.
Okawaru was aware of your devotion.
You were not hungry.
You were a tree.
You visited 2 branches of the dungeon, and saw 8 of its levels.

You collected 329 gold pieces.

Inventory:

Hand Weapons
 a - a +1 shortbow
 b - a +2 vorpal spear (weapon)
Missiles
 e - 21 poisoned darts (quivered)
 g - 76 arrows
Wands
 c - a wand of enslavement (3)
 p - a wand of random effects (18)
 q - a wand of iceblast (19)
Scrolls
 f - 2 scrolls of fear {unknown}
 h - 3 scrolls of enchant armour {unknown}
 j - 8 scrolls of identify
 l - 5 scrolls of remove curse {unknown}
 n - a scroll of magic mapping
 o - a scroll of vulnerability {unknown}
Comestibles
 d - 8 rations


   Skills:
 + Level 5.7 Fighting
 * Level 8.8 Bows
 + Level 5.7 Dodging
 - Level 1.3 Stealth
 + Level 3.0 Translocations
 + Level 2.8 Invocations


You had 5 spell levels left.
You knew the following spells:

 Your Spells              Type           Power        Failure   Level  Hunger
a - Portal Projectile     Hex/Tloc       #.....       45%         3    ####...

Your spell library contained the following spells:

 Spells                   Type           Power        Failure   Level  Hunger
 Gell's Gravitas          Tloc           #.........   26%         3    ####...
 Dispersal                Tloc           #.........   100%        6    #######
 Controlled Blink         Tloc           N/A          100%        8    #######
 Disjunction              Tloc           #.........   100%        8    #######


Dungeon Overview and Level Annotations

Branches:
Dungeon (7/15)             Temple (1/1) D:5

Altars:
Ashenzari
Gozag
Hepliaklqana
Okawaru
Trog
Yredelemnul
Zin

Shops:
D:4 =   D:5 (

Annotations:
D:7 Maggie


Innate Abilities, Weirdness & Mutations

You cannot wear most types of armour.
You are very stealthy in the water. (Stealth+)
((You are amphibious.))
You can wear up to eight rings at the same time.
((You can use your tentacles to constrict eight enemies at once.))
((Your skin changes colour to match your surroundings (Stealth+).))
((Your rubbery body absorbs attacks. (AC +1, EV +1)))


Message History

The hound bites you but does no damage. The gnoll completely misses you.
The hound bites you but does no damage.
The gnoll sergeant hits you but does no damage.
Maggie drinks a potion.
Maggie is healed!
The gnoll hits you but does no damage.
Unknown command.
You hit Maggie.
Maggie is heavily wounded.
The hound bites you but does no damage. Maggie hits you but does no damage.
The gnoll hits you but does no damage.
Unknown command.
You hit Maggie but do no damage.
Maggie is heavily wounded.
The hound bites you but does no damage. x2
Maggie hits you with a +0 scimitar of flaming.
* * * LOW HITPOINT WARNING * * *
Maggie burns you.
* * * LOW HITPOINT WARNING * * *
The gnoll hits you with a +0 club.
You die...

.. #.# # #.## .#
#..##. .# #...:
....#g..# # ##
..#.#(#(#.# .#
....#g@g†.#
.###########.#.#♣hg..#
....>.....##.#.#.##.%#
...######....#.#.# ..#
...# ###..#.#.# .^#
...########..#.#.##..#
...##.....#.......#.>#
...##.###.#.#..#..####
...##.# #.#....#..#
...##.###.#....#..#


You could see Maggie, a gnoll sergeant, a hound and 3 gnolls.

Vanquished Creatures
  Grinder (D:3)
  Menkaure (D:5)
  Duvessa (D:5)
  2 orc warriors
  2 ice beasts (D:5)
  A centaur (D:5)
  2 scorpions
  Dowan (D:5)
  2 howler monkeys
  3 crimson imps
  A hound (D:4)
  2 centaur skeletons
  2 orc priests (D:4)
  A jelly (D:7)
  3 orc wizards
  Jessica (D:3)
  Ijyb (D:3)
  Natasha (twice) (D:2)
  6 worker ants
  A gnoll (D:7)
  A howler monkey skeleton (D:6)
  15 adders
  3 oozes
  An adder skeleton (D:5)
  4 worms
  2 dart slugs (D:1)
  3 leopard geckos
  17 orcs
  3 giant cockroaches
  5 goblins
  8 hobgoblins
  11 jackals
  3 quokkas
  A ball python (D:2)
  7 bats
  6 frilled lizards
  A giant cockroach zombie (D:6)
  10 kobolds
  A leopard gecko skeleton (D:5)
  10 rats
148 creatures vanquished.

Notes
Turn   | Place    | Note
-------+----------+-------------------------------------------
     0 | D:1      | Lanoc the Octopode Hunter began the quest for the Orb.
     0 | D:1      | Reached XP level 1. HP: 14/14 MP: 1/1
   285 | D:1      | Reached XP level 2. HP: 19/19 MP: 2/2
  1341 | D:2      | Reached XP level 3. HP: 25/25 MP: 3/3
  1706 | D:2      | Reached XP level 4. HP: 30/30 MP: 4/4
  1872 | D:2      | Noticed Natasha
  1878 | D:2      | Killed Natasha
  1878 | D:2      | Reached skill level 5 in Bows
  2003 | D:2      | Noticed Natasha
  2012 | D:2      | HP: 1/30 [Natasha/magic dart (7)]
  2013 | D:2      | Killed Natasha
  2013 | D:2      | Reached XP level 5. HP: 1/36 MP: 5/5
  2584 | D:3      | Noticed Grinder
  2944 | D:3      | Noticed Jessica
  2946 | D:3      | Killed Jessica
  2984 | D:3      | Killed Grinder
  2984 | D:3      | Reached skill level 6 in Bows
  2984 | D:3      | Reached XP level 6. HP: 30/43 MP: 6/6
  3467 | D:3      | Reached XP level 7. HP: 36/47 MP: 7/7
  4097 | D:3      | Noticed Ijyb
  4113 | D:3      | Killed Ijyb
  4694 | D:4      | HP: 2/48 [orc priest/divine providence (16)]
  5032 | D:4      | Reached skill level 7 in Bows
  5669 | D:4      | Learned a level 3 spell: Portal Projectile
  5708 | D:4      | Found Onibuvve's Jewellery Shoppe.
  5714 | D:4      | Reached XP level 8. HP: 52/54 MP: 8/8
  5834 | D:4      | Found an opulent altar of Gozag.
  6256 | D:5      | Entered Level 5 of the Dungeon
  6398 | D:5      | Found Jausk's Antique Weapon Shoppe.
  6509 | D:5      | Noticed Duvessa
  6511 | D:5      | Noticed Dowan
  6522 | D:5      | Reached skill level 1 in Translocations
  6646 | D:5      | Killed Dowan
  6976 | D:5      | Reached skill level 5 in Fighting
  7089 | D:5      | Reached skill level 5 in Dodging
  7152 | D:5      | Found a staircase to the Ecumenical Temple.
  7161 | Temple   | Entered the Ecumenical Temple
  7166 | Temple   | Became a worshipper of Warmaster Okawaru
  7195 | D:5      | Killed Duvessa
  7195 | D:5      | Reached skill level 8 in Bows
  7200 | D:5      | Reached skill level 1 in Invocations
  7503 | D:5      | Noticed Menkaure
  7507 | D:5      | Killed Menkaure
  7814 | D:5      | Reached * piety under Okawaru
  7814 | D:5      | Reached XP level 9. HP: 31/61 MP: 10/10
  9180 | D:7      | Noticed Maggie
  9219 | D:7      | HP: 2/93 [Maggie/+0 scimitar of flaming (3)]
  9219 | D:7      | Slain by a gnoll

Illustrated notes

Levels and vault maps discovered:
D:1:      dpeg_arrival_houses_and_road, layout_basic
D:2:      layout_rooms, grunt_ministairs_15, corexii_shack,
          minmay_quadrilaterals, uniq_natasha
D:3:      minmay_razor_zed, layout_basic, uniq_ijyb, uniq_grinder, uniq_jessica
D:4:      minmay_clustersquares, layout_basic, serial_shops, nicolae_shop_stone,
          first_ration, grunt_gozag_breadcrumbs
D:5:      layout_basic, minmay_temple_entry_antechambers, serial_shops,
          nicolae_shop_overgrown_old_shop, uniq_duvessa, uniq_menkaure
D:6:      layout_cave_pods, kennysheep_little_box
D:7:      kennysheep_steamy, layout_basic, serial_shops, shop,
          grunt_ministairs_12, uniq_maggie
Temple:   grunt_wide_crystal_templ

Skill      XL: |  1  2  3  4  5  6  7  8  9 |
---------------+----------------------------+-----
Bows           | 5 6 7 8 |  8.8
Fighting       | 3 4 5 |  5.7
Dodging        | 3 4 5 |  5.7
Translocations | 2 3 |  3.0
Invocations    | 2 |  2.8
Stealth        | |  1.3

Action                   |  1- 3 |  4- 6 |  7- 9 || total
-------------------------+-------+-------+-------++-------
Melee: Spear             |       |       |   134 ||   134
       Constrict         |       |       |    24 ||    24
       Tentacles         |       |       |    30 ||    30
 Fire: Shortbow          |    28 |    86 |   230 ||   344
       Hunting sling     |    53 |    69 |    59 ||   181
  Use: Potion            |       |     1 |     9 ||    10
       Scroll            |       |       |     5 ||     5
 Stab: Sleeping          |       |       |     6 ||     6
       Invisible         |       |       |     3 ||     3
  Eat: Chunk             |     2 |     2 |    12 ||    16
       Ration            |       |     1 |     2 ||     3
Armor: Skin              |     3 |     3 |    81 ||    87
Dodge: Dodged            |    24 |    65 |   181 ||   270

Table legend:
 A = Non-vault XP
 B = Vault XP
 C = Vault XP percentage of total XP
 D = Non-vault monster count
 E = Vault monster count
 F = Vault count percentage of total count
                 A         B        C        D         E       F
            +---------+---------+-------+---------+---------+-------
      Total |    1771 |    1081 |  37.9 |     119 |      29 |  19.6
            +---------+---------+-------+---------+---------+-------
        D:1 |      30 |       0 |   0.0 |      15 |       0 |   0.0
        D:2 |     107 |      63 |  37.1 |      22 |      10 |  31.2
        D:3 |     145 |     513 |  78.0 |      24 |      12 |  33.3
        D:4 |     344 |     110 |  24.2 |      16 |       4 |  20.0
        D:5 |     723 |     395 |  35.3 |      23 |       3 |  11.5
        D:6 |     128 |       0 |   0.0 |       7 |       0 |   0.0
        D:7 |     294 |       0 |   0.0 |      12 |       0 |   0.0
            +---------+---------+-------+---------+---------+-------
